ITL
TUSCALOOSA TROUT SLAYERS @ RICHMOND FLAIRS
10/05/2028
 
TOP OF THE 1ST
Tuscaloosa Trout Slayers batting - Pitching for Richmond Flairs : RHP Jack Walker
Pitching: RHP Jack Walker
Batting: RHB Kyle O'Day 0-0: SINGLE (Groundball, 4MD)
Batting: RHB Pat Fullerton 0-0: Foul Ball, location: 2F
0-1: Foul Ball, location: 2F
0-2: Ball
1-2: Ball
2-2: Strikes out swinging
Batting: LHB Ed Hart 0-0: Ball
Pickoff Throw to First - Out!
1-0: Called Strike
1-1: Ground out 1-3 (Groundball, 13)
Top of the 1st over - 0 run(s), 1 hit(s), 0 error(s), 0 left on base; Tuscaloosa 0 - Richmond 0
BOTTOM OF THE 1ST
Richmond Flairs batting - Pitching for Tuscaloosa Trout Slayers : RHP Tom Cunningham
Pitching: RHP Tom Cunningham
Batting: RHB Freddy Padilla 0-0: Ball
1-0: Called Strike
1-1: Ball
2-1: Ball
3-1: Fly out, F9 (Flyball, 9S)
Batting: RHB Mario López 0-0: Called Strike
0-1: Ground out 5-3 (Groundball, 56)
Batting: LHB Sean Nicks 0-0: Reached on error, E9 (Line Drive, 9)
Batting: LHB Luis Villa 0-0: Ball
1-0: Foul Ball, location: 2F
1-1: Ground out 5-3 (Groundball, 56)
Bottom of the 1st over - 0 run(s), 0 hit(s), 1 error(s), 1 left on base; Tuscaloosa 0 - Richmond 0
TOP OF THE 2ND
Tuscaloosa Trout Slayers batting - Pitching for Richmond Flairs : RHP Jack Walker
Batting: LHB Dave Watt 0-0: Foul Ball, location: 2F
0-1: SINGLE (Flyball, 8LS)
Batting: RHB Shigemasa Ishida 0-0: Ball
1-0: Foul Ball, location: 2F
1-1: Foul Ball, location: 2F
1-2: Ball
2-2: Ball
3-2: Foul Ball, location: 2F
3-2: SINGLE (Line Drive, 8LS)
Dave Watt to second
Batting: RHB José Fernández 0-0: Ball
1-0: Foul Ball, location: 2F
1-1: Foul Ball, location: 2F
1-2: Foul Ball, location: 2F
1-2: SINGLE (Groundball, 56D)
Dave Watt to third
Shigemasa Ishida to second
Batting: RHB Jason Erickson 0-0: Called Strike
0-1: Ball
1-1: Ball
2-1: Ball
3-1: Foul Ball, location: 2F
3-2: Strikes out swinging
Batting: RHB Jason Saunders 0-0: Ball
1-0: Ball
2-0: Called Strike
2-1: Ball
3-1: Foul Ball, location: 2F
3-2: Grounds into double play, 6-4-3 (Groundball, 6)
Top of the 2nd over - 0 run(s), 3 hit(s), 0 error(s), 2 left on base; Tuscaloosa 0 - Richmond 0
BOTTOM OF THE 2ND
Richmond Flairs batting - Pitching for Tuscaloosa Trout Slayers : RHP Tom Cunningham
Batting: RHB Elliott Johnston 0-0: Ball
1-0: Ball
2-0: Foul Ball, location: 2F
2-1: Ball
3-1: Ground out 6-3 (Groundball, 6)
Batting: LHB Roland Jones 0-0: Called Strike
0-1: Ball
1-1: SINGLE (Groundball, 34D)
Batting: RHB Hollis Wood 0-0: Called Strike
Roland Jones steals 2nd base
0-1: Swinging Strike
0-2: Ball
1-2: Strikes out swinging
Batting: RHB R.J. Crosby 0-0: Ball
1-0: Ball
2-0: Ball
3-0: Called Strike
3-1: Base on Balls
Batting: RHB Gary Thomas 0-0: Swinging Strike
0-1: Called Strike
0-2: Strikes out swinging
Bottom of the 2nd over - 0 run(s), 1 hit(s), 0 error(s), 2 left on base; Tuscaloosa 0 - Richmond 0
TOP OF THE 3RD
Tuscaloosa Trout Slayers batting - Pitching for Richmond Flairs : RHP Jack Walker
Batting: RHB Juan Reyes 0-0: Foul Ball, location: 2F
0-1: Ball
1-1: Ground out 4-3 (Groundball, 4)
Batting: RHB Kyle O'Day 0-0: Ball
1-0: Fly out, F9 (Flyball, 9LS)
Batting: RHB Pat Fullerton 0-0: Ground out 6-3 (Groundball, 6)
Top of the 3rd over - 0 run(s), 0 hit(s), 0 error(s), 0 left on base; Tuscaloosa 0 - Richmond 0
BOTTOM OF THE 3RD
Richmond Flairs batting - Pitching for Tuscaloosa Trout Slayers : RHP Tom Cunningham
Batting: RHB Freddy Padilla 0-0: Ball
1-0: Ball
2-0: Ball
3-0: Called Strike
3-1: Foul Ball, location: 2F
3-2: Fly out, F9 (Flyball, 9LS)
Batting: RHB Mario López 0-0: Called Strike
0-1: Ground out 5-3 (Groundball, 56S)
Batting: LHB Sean Nicks 0-0: Called Strike
0-1: Called Strike
0-2: Foul Ball, location: 2F
0-2: DOUBLE (Flyball, 78D)
Batting: LHB Luis Villa 0-0: Ball
1-0: Ball
2-0: 2-RUN HOME RUN (Line Drive, 89XD), Distance : 372 ft
Batting: RHB Elliott Johnston 0-0: Called Strike
0-1: Swinging Strike
0-2: Ball
1-2: Strikes out swinging
Bottom of the 3rd over - 2 run(s), 2 hit(s), 0 error(s), 0 left on base; Tuscaloosa 0 - Richmond 2
TOP OF THE 4TH
Tuscaloosa Trout Slayers batting - Pitching for Richmond Flairs : RHP Jack Walker
Batting: LHB Ed Hart 0-0: Called Strike
0-1: Swinging Strike
0-2: Foul Ball, location: 2F
0-2: SOLO HOME RUN (Flyball, 78XD), Distance : 392 ft
Batting: LHB Dave Watt 0-0: Foul Ball, location: 2F
0-1: Foul Ball, location: 2F
0-2: Strikes out looking
Batting: RHB Shigemasa Ishida 0-0: Ball
1-0: Ball
2-0: Called Strike
2-1: Foul Ball, location: 2F
2-2: Strikes out swinging
Batting: RHB José Fernández 0-0: Swinging Strike
0-1: Swinging Strike
0-2: Foul Ball, location: 2F
0-2: Ball
1-2: Strikes out swinging
Top of the 4th over - 1 run(s), 1 hit(s), 0 error(s), 0 left on base; Tuscaloosa 1 - Richmond 2
BOTTOM OF THE 4TH
Richmond Flairs batting - Pitching for Tuscaloosa Trout Slayers : RHP Tom Cunningham
Batting: LHB Roland Jones 0-0: Ball
1-0: Called Strike
1-1: Ball
2-1: SINGLE (Line Drive, 9LS)
Batting: RHB Hollis Wood 0-0: Ball
Roland Jones steals 2nd base
1-0: Ball
2-0: Foul Ball, location: 2F
2-1: Ground out 5-3 (Groundball, 56)
Batting: RHB R.J. Crosby 0-0: Ball
1-0: Ground out U3 (Groundball, 23)
Roland Jones to third
Batting: RHB Gary Thomas 0-0: Ball
1-0: Called Strike
1-1: Called Strike
1-2: Ball
2-2: Ball
3-2: Fly out, F7 (Flyball, 7)
Bottom of the 4th over - 0 run(s), 1 hit(s), 0 error(s), 1 left on base; Tuscaloosa 1 - Richmond 2
TOP OF THE 5TH
Tuscaloosa Trout Slayers batting - Pitching for Richmond Flairs : RHP Jack Walker
Batting: RHB Jason Erickson 0-0: Ball
1-0: Ground out 6-3 (Groundball, 6)
Batting: RHB Jason Saunders 0-0: Ground out 5-3 (Groundball, 56)
Batting: RHB Juan Reyes 0-0: Called Strike
0-1: Fly out, F5 (Popup, 6S)
Top of the 5th over - 0 run(s), 0 hit(s), 0 error(s), 0 left on base; Tuscaloosa 1 - Richmond 2
BOTTOM OF THE 5TH
Richmond Flairs batting - Pitching for Tuscaloosa Trout Slayers : RHP Tom Cunningham
Batting: RHB Freddy Padilla 0-0: Ball
1-0: Foul Ball, location: 2F
1-1: TRIPLE (Line Drive, 89M)
Batting: RHB Mario López 0-0: Ball
1-0: Swinging Strike
1-1: Foul Ball, location: 2F
1-2: Foul Ball, location: 2F
1-2: Ball
2-2: Fly out, F6 (Line Drive, 6)
Batting: LHB Sean Nicks 0-0: Swinging Strike
0-1: Called Strike
0-2: Strikes out swinging
Batting: LHB Luis Villa 0-0: Ball
1-0: Ball
2-0: Called Strike
2-1: Swinging Strike
2-2: Fly out, F4 (Line Drive, 4)
Bottom of the 5th over - 0 run(s), 1 hit(s), 0 error(s), 1 left on base; Tuscaloosa 1 - Richmond 2
TOP OF THE 6TH
Tuscaloosa Trout Slayers batting - Pitching for Richmond Flairs : RHP Jack Walker
Batting: RHB Kyle O'Day 0-0: Swinging Strike
0-1: Called Strike
0-2: Strikes out swinging
Batting: RHB Pat Fullerton 0-0: Ball
1-0: Called Strike
1-1: Swinging Strike
1-2: Foul Ball, location: 2F
1-2: Ball
2-2: Ball
3-2: Foul Ball, location: 2F
3-2: Fly out, F7 (Flyball, 7S)
Batting: LHB Ed Hart 0-0: Fly out, F7 (Flyball, 78S)
Top of the 6th over - 0 run(s), 0 hit(s), 0 error(s), 0 left on base; Tuscaloosa 1 - Richmond 2
BOTTOM OF THE 6TH
Richmond Flairs batting - Pitching for Tuscaloosa Trout Slayers : RHP Tom Cunningham
Pitching: RHP Rafael Ramírez
Batting: RHB Elliott Johnston 0-0: Called Strike
0-1: Ball
1-1: SINGLE (Groundball, 34S) (infield hit)
Batting: LHB Roland Jones 0-0: Called Strike
0-1: Foul Ball, location: 2F
0-2: Strikes out swinging
Batting: RHB Hollis Wood 0-0: Ball
1-0: Called Strike
1-1: Grounds into double play, 6-4-3 (Groundball, 6)
Bottom of the 6th over - 0 run(s), 1 hit(s), 0 error(s), 0 left on base; Tuscaloosa 1 - Richmond 2
TOP OF THE 7TH
Tuscaloosa Trout Slayers batting - Pitching for Richmond Flairs : RHP Jack Walker
Batting: LHB Dave Watt 0-0: Foul Ball, location: 2F
0-1: SINGLE (Flyball, 78M)
Pinch Hitting: LHB Miguel Rosa 0-0: Grounds into double play, 6-4-3 (Groundball, 6M)
Batting: RHB José Fernández 0-0: Called Strike
0-1: SINGLE (Groundball, 56D)
Batting: RHB Jason Erickson 0-0: Called Strike
0-1: Ball
1-1: Called Strike
1-2: Foul Ball, location: 2F
1-2: Foul Ball, location: 2F
1-2: Ball
2-2: Ball
3-2: SINGLE (Groundball, 6D)
José Fernández to second
José Fernández to third
Batting: RHB Jason Saunders 0-0: Ball
1-0: Foul Ball, location: 2F
1-1: Fielders Choice at 2nd, 5-4 (Groundball, 5L)
Top of the 7th over - 0 run(s), 3 hit(s), 0 error(s), 1 left on base; Tuscaloosa 1 - Richmond 2
BOTTOM OF THE 7TH
Richmond Flairs batting - Pitching for Tuscaloosa Trout Slayers : RHP Rafael Ramírez
Now at 3B: César Reyes
Batting: RHB R.J. Crosby 0-0: Swinging Strike
0-1: Ball
1-1: Fly out, F9 (Flyball, 9S)
Batting: RHB Gary Thomas 0-0: Ball
1-0: Ball
2-0: Foul Ball, location: 2F
2-1: Swinging Strike
2-2: Foul Ball, location: 2F
2-2: Fly out, F7 (Flyball, 7D)
Batting: RHB Freddy Padilla 0-0: Called Strike
0-1: Ball
1-1: DOUBLE (Line Drive, 89XD)
Pinch Hitting: SHB António Enríquez 0-0: Ground out 4-3 (Groundball, 4S)
Bottom of the 7th over - 0 run(s), 1 hit(s), 0 error(s), 1 left on base; Tuscaloosa 1 - Richmond 2
TOP OF THE 8TH
Tuscaloosa Trout Slayers batting - Pitching for Richmond Flairs : RHP Jack Walker
Now at SS: Juan López
Batting: RHB Juan Reyes 0-0: Ball
1-0: Ball
2-0: Ground out U3 (Groundball, 3S)
Batting: RHB Kyle O'Day 0-0: Called Strike
0-1: Ball
1-1: Foul Ball, location: 2F
1-2: Strikes out swinging
Batting: RHB Pat Fullerton 0-0: Ground out 5-3 (Groundball, 56S)
Top of the 8th over - 0 run(s), 0 hit(s), 0 error(s), 0 left on base; Tuscaloosa 1 - Richmond 2
BOTTOM OF THE 8TH
Richmond Flairs batting - Pitching for Tuscaloosa Trout Slayers : RHP Rafael Ramírez
Batting: LHB Sean Nicks 0-0: Ball
1-0: Called Strike
1-1: Ball
2-1: Ball
3-1: Swinging Strike
3-2: Foul Ball, location: 2F
3-2: Foul Ball, location: 2F
3-2: Foul Ball, location: 2F
3-2: SOLO HOME RUN (Flyball, 9D), Distance : 365 ft
Batting: LHB Luis Villa 0-0: Called Strike
0-1: Ball
1-1: Fly out, F7 (Line Drive, 7)
Batting: RHB Elliott Johnston 0-0: Foul Ball, location: 2F
0-1: Ground out 6-3 (Groundball, 6M)
Batting: LHB Roland Jones 0-0: Ball
1-0: Foul Ball, location: 2F
1-1: Fly out, F2 (Popup, 25)
Bottom of the 8th over - 1 run(s), 1 hit(s), 0 error(s), 0 left on base; Tuscaloosa 1 - Richmond 3
TOP OF THE 9TH
Tuscaloosa Trout Slayers batting - Pitching for Richmond Flairs : RHP Jack Walker
Pitching: LHP Enrico Lozano
Batting: LHB Ed Hart 0-0: Ball
1-0: Ball
2-0: Fly out, F7 (Flyball, 7S)
Batting: LHB Dave Watt 0-0: Foul Ball, location: 2F
0-1: SINGLE (Groundball, 4D)
Batting: RHB César Reyes 0-0: Ball
1-0: Ball
2-0: Foul Ball, location: 2F
2-1: Called Strike
2-2: Foul Ball, location: 2F
2-2: Strikes out swinging
Batting: RHB José Fernández 0-0: Ball
1-0: Called Strike
1-1: Ball
2-1: Foul Ball, location: 2F
2-2: Strikes out swinging
Top of the 9th over - 0 run(s), 1 hit(s), 0 error(s), 1 left on base; Tuscaloosa 1 - Richmond 3
Tuesday, August 8th, 2017 - OOTP Baseball 17.12 Build 75